 Dungeon Crawl Stone Soup version 0.28.0-43-g3370ac3207 (webtiles) character file.

Game seed: 6538517798990913714

171 crimpus the Shooter (level 5, -1/26 HPs)
             Began as a Spriggan Hunter on Mar 25, 2022.
             Slain by a gnoll
             ... wielding a +1 flail of protection
              (14 damage)
             ... on level 4 of the Dungeon.
             The game lasted 00:04:32 (1663 turns).

crimpus the Shooter (Spriggan Hunter)               Turns: 1663, Time: 00:04:33

Health: -1/26      AC:  2    Str:  8    XL:     5   Next: 26%
Magic:  6/6        EV: 18    Int: 12    God:
Gold:   75         SH:  0    Dex: 18    Spells: 4/4 levels left

rFire   . . .      SeeInvis +   a - +1 shortbow
rCold   . . .      Faith    .   (shield currently unavailable)
rNeg    . . .      Spirit   .   c - +0 robe
rPois   .          Reflect  .   (helmet restricted)
rElec   .          Harm     .   (no cloak)
rCorr   .          Rampage  .   (gloves unavailable)
Will    .....                   (boots unavailable)
Stlth   ++........              (no amulet)
HPRegen 0.08/turn               (no ring)
MPRegen 0.10/turn               (no ring)

@: very quick
A: very small, no large weapons, unfitting armour, see invisible, speed 3
a: no special abilities


You were on level 4 of the Dungeon.
You visited 1 branch of the dungeon, and saw 3 of its levels.

You collected 75 gold pieces.

Inventory:

Hand Weapons
 a - a +1 shortbow (weapon)
 b - a +0 short sword
Missiles
 d - 5 arrows (quivered ammo)
Armour
 c - a +0 robe (worn)
Scrolls
 f - 2 scrolls of summoning
 g - a scroll of brand weapon {unknown}
 h - 2 scrolls of teleportation {unknown}
 i - a scroll of silence {unknown}
 j - 2 scrolls of enchant armour {unknown}
 l - a scroll of fog {unknown}
 m - a scroll of enchant weapon {unknown}
 n - a scroll of noise {unknown}
Potions
 k - 2 potions of mutation {unknown}
 o - a potion of heal wounds {unknown}


   Skills:
 + Level 1.8 Fighting
 * Level 7.3 Bows
 * Level 3.3 Dodging
 * Level 2.9 Stealth


You had 4 spell levels left.
You didn't know any spells.
Your spell library contained the following spells:

 Spells                   Type           Power      Damage    Failure   Level
 Animate Skeleton         Necr           0%         N/A       32%         1
 Pain                     Necr           0%         1d4       32%         1
 Sandblast                Erth           0%         2d4       32%         1
 Ozocubu's Armour         Ice            0%         N/A       69%         3
 Vampiric Draining        Necr           0%         2d6       69%         3
 Ozocubu's Refrigeration  Ice            0%         4d5       100%        7


Dungeon Overview and Level Annotations

Branches:
Dungeon (2/15)

Altars:


Innate Abilities, Weirdness & Mutations

You are very small and have problems with some larger weapons.
You are too small for most types of armour.
You have supernaturally acute eyesight. (SInv)
You cover ground extremely quickly. (Speed+++)


Message History

Your adder bites the gnoll.
The gnoll is poisoned.
Your adder poisons the gnoll!
Your orc hits the gnoll shaman with a +0 club.
Your orc wizard hits the gnoll shaman but does no damage.
Really fire in your adder's direction?
You shoot an arrow.
The arrow hits the gnoll but does no damage.
The gnoll is severely wounded.
The gnoll misses you.
Your adder closely misses the gnoll.
The gnoll hits you with a +0 flail of protection!
Unknown command.
Your adder closely misses the gnoll.
A gnoll comes into view.
It is wielding a +1 flail of protection.
Something barely misses the gnoll.
The gnoll misses you.
Your orc priest calls upon Beogh to heal your orc wizard.
Your orc wizard is healed somewhat.
Your adder closely misses the gnoll.
Your adder bites the gnoll but does no damage.
The gnoll completely misses your adder.
The gnoll dies!
The gnoll misses you.
Your orc priest hits the gnoll with a +0 falchion.
The gnoll misses you.
You see here an arrow.
You are too injured to fight recklessly!
You are too injured to fight recklessly!
Sorry, you're not good enough to have a special ability.
Autopickup is now off.
Autopickup is now on.
Okay, then.
There are monsters nearby!
Fire: 6 arrows
Press: ? - help, Q - select action Shift-Dir - straight line, f - gnoll
Aim: a gnoll, wielding a +1 flail of protection (lightly wounded, ally target, 69% to hit)
You shoot an arrow. The arrow closely misses the gnoll.
Your orc wizard hits the gnoll with a +0 dagger.
Your orc hits the gnoll but does no damage.
The gnoll hits you with a +1 flail of protection!
Ouch! That really hurt!
You die...

..... ... . ... ..
#.# ..) #.####....
#########.#.......
#....o@g..........
#.)..Sg..(........
#....oo)..........
#.(....(..........
#.....(......###..
#########....# .
#....# #....#
#....#


You could see a gnoll shaman (confused), a gnoll (ally target), a friendly orc
priest (summoned), a friendly orc wizard (summoned), a friendly adder (summoned)
and a friendly orc (summoned).

Vanquished Creatures
  A black bear (D:2)
  A gnoll (D:4)
  2 adders (D:2)
  A worm (D:2)
  A dart slug (D:2)
  4 ball pythons
  4 bats (D:1)
  An endoplasm (D:1)
  4 hobgoblins
  2 kobolds (D:1)
  A quokka (D:2)
  5 frilled lizards
  7 rats
34 creatures vanquished.

Vanquished Creatures (collateral kills)
  2 gnolls (D:4)
2 creatures vanquished.

Grand Total: 36 creatures vanquished

Notes
Turn   | Place    | Note
-------+----------+-------------------------------------------
     0 | D:1      | crimpus the Spriggan Hunter began the quest for the Orb.
     0 | D:1      | Reached XP level 1. HP: 10/10 MP: 2/2
    16 | D:1      | Reached skill level 5 in Bows
   131 | D:1      | Reached XP level 2. HP: 14/14 MP: 3/3
   274 | D:1      | Found a faded altar of an unknown god.
   283 | D:1      | Got Plato's Guide on Earth
   649 | D:2      | Noticed a black bear
   654 | D:2      | Killed a black bear
   655 | D:2      | Reached skill level 6 in Bows
   655 | D:2      | Reached XP level 3. HP: 17/18 MP: 4/4
   655 | D:2      | Reached XP level 4. HP: 22/23 MP: 5/5
   814 | D:2      | Reached skill level 7 in Bows
  1508 | D:2      | Reached XP level 5. HP: 23/26 MP: 6/6
  1633 | D:2      | You fall into a shaft and drop 2 floors!
  1663 | D:4      | Slain by a gnoll

Illustrated notes

Levels and vault maps discovered:
D:1:      dpeg_arrival_long_road, layout_loops_cross,
          shapermc_ecumenical_altar_rom_forum
D:2:      layout_rooms, kennysheep_generic_room_13
D:4:      layout_basic, gammafunk_temple_overflow_elements,
          overflow_temple_1_default, serial_shops, shop,
          minmay_fractal_squares_5, uniq_menkaure, uniq_edmund, uniq_duvessa

Skill      XL: |  1  2  3  4 |
---------------+-------------+-----
Bows           | 5 6 7 |  7.3
Stealth        | 2 |  2.9
Dodging        | 3 |  3.3
Fighting       | |  1.8

Action                   |  1- 3 |  4- 6 || total
-------------------------+-------+-------++-------
 Fire: Shortbow          |    31 |    65 ||    96
  Use: Scroll            |       |     3 ||     3
Armor: Robe              |     2 |     1 ||     3
Dodge: Dodged            |     7 |    17 ||    24
